 Dungeon Crawl Stone Soup version 0.19-a0-644-gd04d753 (webtiles) character file.

916 Laan the Thaumaturge (level 7, 0/36 HPs)
             Began as a Deep Elf Wizard on June 14, 2016.
             Was an Initiate of Vehumet.
             Splashed by a jelly's acid (7 damage)
             ... on level 5 of the Dungeon.
             The game lasted 00:13:14 (5863 turns).

Laan the Thaumaturge (Deep Elf Wizard)              Turns: 5863, Time: 00:13:15

Health: 0/36       AC:  0    Str:  4    XL:     7   Next: 83%
Magic:  11/20      EV: 13    Int: 25    God:    Vehumet [......]
Gold:   253        SH:  0    Dex: 13    Spells: 3 memorised, 15 levels left

rFire  . . .     SeeInvis .     r - +0 dagger (elec)
rCold  . . .     Gourm    .     k - +0 robe (curse)
rNeg   . . .     Faith    .     (no shield)
rPois  .         Spirit   .     b - +0 hat
rElec  .         Dismiss  .     s - +1 cloak
rCorr  .         Reflect  .     (no gloves)
SustAt .         Harm     .     (no boots)
MR     .....                    (no amulet)
Stlth  ++........               (no ring)
                                (no ring)

@: corroded, not resistant to hostile enchantments, unstealthy
A: no striking features
a: Renounce Religion


You were on level 5 of the Dungeon.
You worshipped Vehumet.
Vehumet was noncommittal.
You were near starving.

You visited 1 branch of the dungeon, and saw 5 of its levels.

You collected 253 gold pieces.

Inventory:

Hand Weapons
 r - a +0 dagger of electrocution (weapon)
 u - a +2 dagger of venom
 z - a +0 whip of freezing
Armour
 a - a +0 robe
 b - a +0 hat (worn)
 k - a cursed +0 robe (worn)
 s - a +1 cloak (worn)
Scrolls
 f - 3 scrolls of identify {unknown}
 g - 2 scrolls of amnesia {unknown}
 l - 2 scrolls of blinking {unknown}
 m - a scroll of enchant armour {unknown}
 n - a scroll of fear {unknown}
 t - 2 scrolls of remove curse {unknown}
 v - a scroll of noise {unknown}
 x - a scroll of teleportation {unknown}
 y - a scroll of magic mapping {unknown}
 C - a scroll of acquirement {unknown}
Potions
 e - 3 potions of curing {unknown}
 i - 2 potions of might {unknown}
 j - a potion of brilliance {unknown}
 o - 2 potions of ambrosia {unknown}
 p - a potion of mutation {unknown}
 q - 3 potions of lignification {unknown}
 A - a potion of heal wounds {unknown}
 B - 2 potions of berserk rage {unknown}
Books
 c - a book of Minor Magic

   Spells                             Type                      Level
   a - Magic Dart                     Conjuration                  1
   b - Blink                          Translocation                2
   c - Call Imp                       Summoning                    2
   d - Repel Missiles                 Charms/Air                   2
   e - Slow                           Hexes                        2
   f - Conjure Flame                  Conjuration/Fire             3
   g - Mephitic Cloud                 Conjuration/Poison/Air       3
 w - Vehumet's Incunabulum of Battle Magic
   (You found it on level 4 of the Dungeon)

   Spells                             Type                      Level
   a - Magic Dart                     Conjuration                  1
Comestibles
 d - 5 bread rations
 h - a slice of pizza


   Skills:
 - Level 2.4 Dodging
 - Level 2.4 Stealth
 + Level 8.2 Spellcasting
 * Level 7.9 Conjurations
   Level 1.1 Summonings
   Level 1.1 Translocations


You had 15 spell levels left.
You knew the following spells:

 Your Spells              Type           Power        Failure   Level  Hunger
a - Magic Dart            Conj           ####         1%          1    None
b - Conjure Flame         Conj/Fire      ####....     3%          3    None
c - Mephitic Cloud        Conj/Pois/Air  ###.....     8%          3    None


Dungeon Overview and Level Annotations

Branches:
Dungeon (5/15)
 Temple: D:4-7

Altars:
Cheibriados
Fedhas
Kikubaaqudgha
Makhleb
Pakellas
Sif Muna
Trog
Uskayaw
Vehumet
Xom
Yredelemnul
Zin
The Shining One


Message History

Casting: Magic Dart
Confirm with . or Enter, or press ? or * to list all spells.
Aiming: Magic Dart
Press: ? - help, Shift-Dir - straight line, f/p - jelly
Aim: a jelly (severely wounded)
The magic dart hits the jelly.
The jelly is severely wounded.
The jelly hits you.
You are splashed with acid!
The acid burns!
* * * LOW HITPOINT WARNING * * *
Casting: Magic Dart
Confirm with . or Enter, or press ? or * to list all spells.
Aiming: Magic Dart
Press: ? - help, Shift-Dir - straight line, f/p - jelly
Aim: a jelly (severely wounded)
The magic dart hits the jelly.
The jelly is almost dead.
The jelly hits you.
* * * LOW HITPOINT WARNING * * *
You are splashed with acid!
The acid burns!
You die...

##......)##..............
#.).._...)##.............
##.........##.............
#....###....#.............
#...##y##...#..........)..
#....###....#<........[...
#...........#....#........
##.....†...######...######
###....)J@## #...## #
#.####)#########.#.##
##..##.##........#..###
##..[..#####.........#
#...l...[..#........#
##.....o)..#.#......#.
##..l..o..#)#........#
#..........#..........
##....................


You could see a moth of wrath and a jelly.

Vanquished Creatures
  2 ogres
  A phantom (D:4)
  A howler monkey (D:4)
  A crimson imp (D:4)
  A hound (D:4)
  4 orc priests
  A jelly (D:5)
  4 orc wizards
  Crazy Yiuf (D:3)
  An iguana (D:4)
  3 worker ants
  6 adders
  2 oozes
  3 worms
  4 dart slugs
  5 giant geckos
  18 orcs
  A ball python (D:2)
  10 bats
  7 giant cockroaches
  8 hobgoblins
  2 quokkas
  5 giant newts
  8 goblins
  7 kobolds
  8 rats
  A fungus (D:3)
115 creatures vanquished.

Notes
Turn   | Place    | Note
--------------------------------------------------------------
     0 | D:1      | Laan the Deep Elf Wizard began the quest for the Orb.
     0 | D:1      | Reached XP level 1. HP: 10/10 MP: 7/7
     2 | D:1      | Noticed a gargoyle
     2 | D:1      | Noticed a centaur
     4 | D:1      | Noticed a dwarf
     4 | D:1      | Noticed a merfolk
     6 | D:1      | Noticed an octopode
     6 | D:1      | Noticed a spriggan
     8 | D:1      | Noticed an ogre
     8 | D:1      | Noticed a felid
    10 | D:1      | Noticed a halfling
    12 | D:1      | Noticed a vampire
    12 | D:1      | Noticed a formicid
    14 | D:1      | Noticed an elf
    16 | D:1      | Noticed a demigod
    19 | D:1      | Noticed a minotaur
    19 | D:1      | Noticed a troll
    21 | D:1      | Noticed a human
    21 | D:1      | Noticed a vine stalker
    23 | D:1      | Noticed a ghoul
    23 | D:1      | Noticed a tengu
    25 | D:1      | Noticed a naga
    27 | D:1      | Noticed a demonspawn
    27 | D:1      | Noticed a draconian
   237 | D:1      | Reached XP level 2. HP: 15/15 MP: 1/9
   543 | D:1      | Reached skill level 5 in Spellcasting
  1464 | D:2      | Reached XP level 3. HP: 18/19 MP: 9/11
  1954 | D:2      | Reached XP level 4. HP: 24/24 MP: 5/13
  2317 | D:2      | Found an oddly glowing altar of Pakellas.
  2863 | D:3      | Found a snail-covered altar of Cheibriados.
  2938 | D:3      | Reached skill level 6 in Spellcasting
  3249 | D:3      | Learned a level 3 spell: Conjure Flame
  3253 | D:3      | Learned a level 3 spell: Mephitic Cloud
  3272 | D:3      | Noticed Crazy Yiuf
  3282 | D:3      | Killed Crazy Yiuf
  3282 | D:3      | Reached XP level 5. HP: 28/28 MP: 12/15
  3547 | D:3      | Reached skill level 5 in Conjurations
  3798 | D:4      | Reached XP level 6. HP: 32/32 MP: 11/17
  4033 | D:4      | Reached skill level 7 in Spellcasting
  4138 | D:4      | Found a deep blue altar of Sif Muna.
  4139 | D:4      | Found an ancient bone altar of Kikubaaqudgha.
  4140 | D:4      | Found a radiant altar of Vehumet.
  4145 | D:4      | Identified Vehumet's Incunabulum of Battle Magic
  4147 | D:4      | Became a worshipper of Vehumet
  4195 | D:4      | Found a burning altar of Makhleb.
  4201 | D:4      | Found a glowing silver altar of Zin.
  4201 | D:4      | Noticed an angel
  4201 | D:4      | Noticed an Executioner
  4417 | D:4      | Reached XP level 7. HP: 32/36 MP: 10/20
  4910 | D:4      | Found a shimmering altar of Xom.
  4911 | D:4      | Found a basalt altar of Yredelemnul.
  4913 | D:4      | Found a glowing golden altar of the Shining One.
  5094 | D:5      | Entered Level 5 of the Dungeon
  5129 | D:5      | Noticed a dagger
  5130 | D:5      | Found a blossoming altar of Fedhas.
  5130 | D:5      | Noticed a dagger
  5389 | D:5      | Reached skill level 8 in Spellcasting
  5602 | D:5      | Noticed a moth of wrath
  5605 | D:5      | Found a bloodstained altar of Trog.
  5648 | D:5      | Found a hide-covered altar of Uskayaw.
  5863 | D:5      | Splashed by a jelly's acid

Vault maps used:
D:1:      kb_arrival_jail
D:2:      lemuel_round_altar, first_bread
D:3:      kennysheep_slug_shrine, uniq_crazy_yiuf_cottage
D:4:      grunt_temple_overflow_magic_moments,
          grunt_temple_overflow_order_and_chaos_2,
          nicolae_overflow_hidden_temple
D:5:      dancing_weapons_uskayaw, fedhas_altar_2, tgw_trog

Skill      XL: |  1  2  3  4  5  6  7 |
---------------+----------------------+-----
Spellcasting   | 5 6 7 8 |  8.2
Conjurations   | 2 3 4 5 6 7 |  7.9
Dodging        | |  2.4
Stealth        | |  2.4
Summonings     | |  1.1
Translocations | |  1.1

Action                   |  1- 3 |  4- 6 |  7- 9 || total
-------------------------+-------+-------+-------++-------
Melee: Dagger            |       |    14 |       ||    14
 Cast: Magic Dart        |   105 |   159 |   108 ||   372
       Mephitic Cloud    |       |     4 |     5 ||     9
  Eat: Chunk             |     3 |     6 |     4 ||    13
Armor: Robe              |     3 |     6 |     1 ||    10
Dodge: Dodged            |    19 |    20 |    18 ||    57
